 Dungeon Crawl Stone Soup version 0.20-a0-940-g1ecfa5a (console) character file.

416 pagos the Ruffian (level 6, -14/93 HPs)
             Began as a Troll Berserker on Mar 31, 2017.
             Was a Priest of Trog.
             Killed from afar by Ijyb (25 damage)
             ... with a wand of acid (?/15)
             ... on level 5 of the Dungeon.
             The game lasted 00:07:04 (2598 turns).

pagos the Ruffian (Troll Berserker)                 Turns: 2598, Time: 00:07:04

Health: -14/93     AC:  5    Str: 33    XL:     6   Next: 60%
Magic:  4/5        EV: 11    Int:  3    God:    Trog [***...]
Gold:   211        SH:  0    Dex:  9    Spells: 5/5 levels left

rFire    . . .     SeeInvis .   o - +2 flail (drain)
rCold    . . .     Gourm    +   (no shield)
rNeg     + . .     Faith    .   a - +0 animal skin
rPois    .         Spirit   .   (helmet restricted)
rElec    .         Reflect  .   (no cloak)
rCorr    .         Harm     .   (gloves unavailable)
MR       .....                  (boots unavailable)
Stlth    ..........             (no amulet)
Regen    0.7/turn               r - ring of positive energy
MPRegen  0.1/turn               (no ring)

@: berserking, lethally poisoned (-14 -> -22), very quick
A: unfitting armour, claws 3, fast metabolism 3, gourmand, regeneration 1,
shaggy fur 1, tough skin 2
a: Berserk, Trog's Hand, Burn Spellbooks, Renounce Religion


You were on level 5 of the Dungeon.
You worshipped Trog.
Trog was most pleased with you.
You were full.

You visited 1 branch of the dungeon, and saw 5 of its levels.

You collected 211 gold pieces.

Inventory:

Hand Weapons
 o - a +2 flail of draining (weapon)
Armour
 a - a +0 animal skin (worn)
Jewellery
 r - a ring of positive energy (left claw)
Scrolls
 e - a scroll of amnesia {unknown}
 f - 2 scrolls of fog {unknown}
 g - 3 scrolls of identify {unknown}
 i - a scroll of teleportation {unknown}
 l - 3 scrolls of enchant armour {unknown}
 n - a scroll of magic mapping {unknown}
 p - a scroll of immolation {unknown}
 s - a scroll of remove curse {unknown}
Potions
 c - 4 potions of curing {unknown}
 d - 4 potions of heal wounds {unknown}
 j - a potion of agility
 k - a potion of brilliance {unknown}
 q - a potion of invisibility {unknown}
 t - a potion of ambrosia {unknown}
 u - a potion of cancellation {unknown}
Comestibles
 b - 5 bread rations
 h - 4 meat rations
 m - 2 royal jellies


   Skills:
 + Level 3.8 Fighting
 * Level 3.2 Maces & Flails
 + Level 3.7 Dodging
 - Level 4.0 Unarmed Combat


You had 5 spell levels left.
You didn't know any spells.

Dungeon Overview and Level Annotations

Branches:
Dungeon (5/15)
 Temple: D:4-7

Altars:
Ashenzari
Cheibriados
Elyvilon

Annotations:
D:5 Ijyb


Innate Abilities, Weirdness & Mutations

You are too large for most types of armour.
You have claws for hands.
Your metabolism is lightning-fast.
You like to eat raw meat.
Your natural rate of healing is unusually fast.
You are covered in fur. (AC +1)
You have very tough skin. (AC +2)


Message History

The adder barely misses you.
Ijyb zaps a wand.
The bolt of acid misses you.
The centaur shoots an arrow.
The arrow hits you!
* * * LOW HITPOINT WARNING * * *
The adder misses you.
An orc comes into view. It is wielding a club.
The orc shouts!
You are too injured to fight recklessly!
A red film seems to cover your vision as you go berserk!
You feel yourself moving faster!
You feel mighty!
You feel a lot less full.
The centaur shoots an arrow.
The arrow hits you!
* * * LOW HITPOINT WARNING * * *
Ijyb hits you but does no damage.
You are more poisoned.
The adder bites you but does no damage.
You barely miss Ijyb.
You feel sick. Ijyb hits you but does no damage.
You are more poisoned.
The adder bites you but does no damage.
You barely miss Ijyb.
You feel sick. The adder misses you. The adder barely misses you.
Ijyb zaps a wand.
The bolt of acid hits you!
You die...

..#######
........#######
#cg@<†....#
#.SS.)....#
PoP....P.....#
P.≈≈P....P?####
.≈≈≈....P..#
♣≈≈≈≈..♣%..#
≈≈≈≈≈≈≈≈≈..#
≈≈≈≈≈≈≈≈).##


You could see Ijyb, a centaur, 2 adders and an orc.

Vanquished Creatures
  Sigmund (D:3)
  Jessica (D:3)
  Robin (D:3)
  3 gnolls (D:2)
  9 adders
  An ooze (D:3)
  A worm (D:2)
  4 dart slugs
  A leopard gecko (D:2)
  6 orcs
  11 bats
  6 giant cockroaches
  14 goblins
  14 hobgoblins
  2 quokkas
  3 ball pythons
  2 frilled lizards
  9 kobolds
  2 rats (D:2)
91 creatures vanquished.

Notes
Turn   | Place    | Note
-------+----------+-------------------------------------------
     0 | D:1      | pagos the Troll Berserker began the quest for the Orb.
     0 | D:1      | Reached XP level 1. HP: 22/22 MP: 0/0
   165 | D:1      | Reached XP level 2. HP: 29/29 MP: 1/1
   577 | D:1      | Reached XP level 3. HP: 36/36 MP: 2/2
  1147 | D:2      | Reached ** piety under Trog
  1157 | D:2      | Reached XP level 4. HP: 45/45 MP: 3/3
  1291 | D:2      | Found a white marble altar of Elyvilon.
  1296 | D:2      | Found a snail-covered altar of Cheibriados.
  1323 | D:2      | Reached skill level 4 in Unarmed Combat
  1536 | D:2      | Found a shattered altar of Ashenzari.
  1590 | D:2      | Reached skill level 1 in Maces & Flails
  1590 | D:2      | Reached XP level 5. HP: 53/53 MP: 4/4
  1745 | D:3      | Noticed Jessica
  1748 | D:3      | Killed Jessica
  1810 | D:3      | Reached *** piety under Trog
  2074 | D:3      | Noticed Sigmund
  2094 | D:3      | Killed Sigmund
  2094 | D:3      | Reached XP level 6. HP: 19/62 MP: 5/5
  2412 | D:3      | Noticed Robin
  2423 | D:3      | Killed Robin
  2588 | D:5      | Entered Level 5 of the Dungeon
  2588 | D:5      | Noticed Ijyb
  2598 | D:5      | Killed from afar by Ijyb

Vault maps used:
D:1:      lightli_iron_boxes, minmay_misc_feat_chi
D:2:      nicolae_overflow_crystal_walls, evilmike_ruin_ashenzari,
          lemuel_crystal_altar, hangedman_decor_riveting
D:3:      first_bread, uniq_sigmund, uniq_jessica, uniq_robin
D:4:      black_bear_nest_1, serial_shops, shop, kennysheep_little_box,
          shop_fountains
D:5:      bloody_trog, guppyfry_early_lair_pool, uniq_iyjb, uniq_menkaure

Skill      XL: |  1  2  3  4  5 |
---------------+----------------+-----
Fighting       | 3 |  3.8
Dodging        | 3 |  3.7
Unarmed Combat | 4 |  4.0
Maces & Flails | 1 3 |  3.2

Action                   |  1- 3 |  4- 6 || total
-------------------------+-------+-------++-------
Melee: Unarmed           |    93 |    25 ||   118
       Punch             |     4 |     4 ||     8
       Flail             |       |   133 ||   133
Invok: Berserk           |       |     2 ||     2
 Stab: Sleeping          |     2 |     1 ||     3
  Eat: Chunk             |     9 |    18 ||    27
       Fruit             |     1 |       ||     1
Armor: Animal skin       |    46 |    82 ||   128
Dodge: Dodged            |    51 |   158 ||   209
